 Dungeon Crawl Stone Soup version 0.31-a0-233-g139696dc86 (webtiles) character file.

Game seed: 15696560611045752605

189 Morbidden the Covered (level 5, -4/48 HPs)
             Began as an Armataur Fighter on July 8, 2023.
             Killed by divine providence
             ... invoked by an orc priest
              (15 damage)
             ... on level 4 of the Dungeon.
             The game lasted 00:02:35 (2346 turns).

Morbidden the Covered (Armataur Fighter)            Turns: 2346, Time: 00:02:35

Health: -4/48      AC:  8    Str: 22    XL:     5   Next: 40%
Magic:  6/6        EV:  7    Int: 10    God:
Gold:   111        SH:  4    Dex:  9    Spells: 5/5 levels left

rFire   . . .        a - +0 flail
rCold   . . .        c - +0 buckler
rNeg    . . .        b - +0 scale mail
rPois   .            (no helmet)
rElec   .            h - scarf {repulsion}
rCorr   .            u - +0 pair of gloves
SInv    .            (no barding)
Will    .....        (no amulet) Stlth
                     (no ring)
HPRegen 0.28/turn    (no ring)
MPRegen 0.10/turn

%: repel missiles, roll
@: lethally poisoned (-4 -> -9)
A: large, rugged brown scales 3, deformed body, armoured tail, roll, long
tongue, awkward tongue
a: no special abilities


You were on level 4 of the Dungeon.
You visited 1 branch of the dungeon, and saw 4 of its levels.

You collected 141 gold pieces.
You spent 30 gold pieces at shops.

Inventory:

Hand Weapons
 a - a +0 flail (weapon)
 s - a +0 war axe
Missiles
 k - 5 poisoned darts (quivered)
 l - 6 boomerangs
Armour
 b - a +0 scale mail (worn)
 c - a +0 buckler (worn)
 h - a scarf of repulsion (worn)
 u - a +0 pair of gloves (worn)
Scrolls
 f - a scroll of revelation {unknown}
 g - 5 scrolls of identify {unknown}
 n - a scroll of fear {unknown}
 o - a scroll of teleportation
 p - a scroll of torment {unknown}
 q - a scroll of poison {unknown}
 r - a scroll of immolation {unknown}
Potions
 d - a potion of might
 e - a potion of heal wounds {unknown}
 i - a potion of ambrosia {unknown}
 j - 2 potions of curing {unknown}
 m - a potion of lignification {unknown}
 t - a potion of haste {unknown}


   Skills:
 * Level 3.1 Fighting
 * Level 0.1(1.9) Axes
 * Level 3.5 Maces & Flails
 * Level 4.5 Armour
 * Level 0.7 Dodging
 * Level 3.9 Shields
 * Level 0.9 Spellcasting


You had 5 spell levels left.
You didn't know any spells.
Your spell library was empty.

Dungeon Overview and Level Annotations

Branches:
Dungeon (4/15)
 Temple: D:4-7

Altars:
Makhleb
Ru

Shops:
D:2 ?


Innate Abilities, Weirdness & Mutations

You are completely covered in rugged brown scales. (AC +3, +7% HP)
Armour fits poorly on your strangely shaped body.
You have a long armoured tail.
You roll when moving toward enemies. (Rampage)
Your long tongue fully drains potion bottles. (2x potion effects)
Your tongue gives you trouble enunciating. (1.5x scroll delay)


Message History

An orc priest comes into view. It is wielding a +2 mace of protection.
The orc priest shouts!
You hear an angry hiss.
The orc priest calls down the wrath of Beogh upon you.
Beogh smites you!
You hear a shout!
An orc priest is nearby!
You hear a shout!
An orc comes into view. It is wielding a +0 flail.
An iguana and a kobold brigand come into view.
The kobold brigand is wielding a +0 whip and quivering poisoned darts.
The iguana hisses angrily.
The kobold brigand shouts!
You hear a shout!
An orc comes into view. It is wielding a +0 flail.
The iguana moves out of view.
The orc shouts!
An orc and an orc priest come into view.
The orc priest shouts!
You hear a shout!
The orc priest looks braver for a moment.
The orc moves out of view.
The orc priest mumbles some strange prayers to Beogh against you.
You barely resist. You barely miss the orc priest.
The kobold brigand throws a poisoned dart.
The poisoned dart hits you!
You are poisoned.
The orc priest looks satisfied for a moment.
A kobold comes into view. It is wielding a +0 whip.
You barely miss the orc priest.
You feel very sick.
The kobold shouts!
A giant cockroach comes into view.
The orc hits you with a +0 flail.
You barely miss the orc.
You feel sick. The orc hits you with a +0 flail.
The orc priest looks braver for a moment.
The orc hits you with a +0 flail.
The orc priest calls down the wrath of Beogh upon you.
Beogh smites you!
* * * LOW HITPOINT WARNING * * *
The orc priest invokes the aid of Beogh against you.
Beogh smites you!
You die...

##.. .... . ...
#. #.. #..##Ko
.....lo
.....oo##
#..Ko@## ##
#####..### ##..
##...##....
#.......(#
##......#
#.....##
##########....##
##<.....#......#
#..............#


You could see a kobold brigand, an iguana, 2 orc priests, 3 orcs and a kobold.

Vanquished Creatures
  2 orc wizards (D:3)
  6 adders (D:2)
  4 worms
  2 dart slugs
  4 orcs (D:3)
  8 endoplasms
  A giant cockroach (D:1)
  5 goblins
  8 hobgoblins
  3 quokkas
  8 ball pythons
  4 bats
  4 frilled lizards
  9 kobolds
  3 rats
71 creatures vanquished.

Notes
Turn   | Place    | Note
-------+----------+-------------------------------------------
     0 | D:1      | Morbidden the Armataur Fighter began the quest for the Orb.
     0 | D:1      | Reached XP level 1. HP: 19/19 MP: 1/1
   113 | D:1      | Reached XP level 2. HP: 25/26 MP: 2/2
   127 | D:1      | You fall into a shaft and drop 1 floor!
   155 | D:2      | Reached skill level 4 in Armour
   205 | D:2      | Reached XP level 3. HP: 20/32 MP: 3/3
   315 | D:2      | Found Lingoqud's Magic Scroll Emporium.
   982 | D:2      | Reached XP level 4. HP: 19/39 MP: 4/4
  1251 | D:2      | Bought a scroll of teleportation for 30 gold pieces
  1633 | D:3      | Found a burning altar of Makhleb.
  1700 | D:3      | Reached XP level 5. HP: 30/48 MP: 6/6
  2322 | D:4      | Found a sacrificial altar of Ru.
  2346 | D:4      | Killed from afar by an orc priest

Illustrated notes

Levels and vault maps discovered:
D:1:      dpeg_arrival_simpleton_c, layout_loops_ring
D:2:      layout_basic, serial_shops, shop, minmay_small_reverse_x
D:3:      layout_loops_ring, overflow_temple_1_default,
          chequers_serial_rivers_small_3, kennysheep_flooded_box
D:4:      layout_layer_cave, cheibriados_altar_1,
          nicolae_ru_the_path_less_chosen, hangedman_decor_growths, uniq_pikel,
          uniq_edmund

Skill      XL: |  1  2  3  4 |
---------------+-------------+-----
Maces & Flails | 2 3 |  3.5
Armour         | 4 |  4.5
Fighting       | 3 |  3.1
Axes           | |  0.1
Dodging        | |  0.7
Shields        | |  3.9
Spellcasting   | |  0.9

Action                     |  1- 3 |  4- 6 || total
---------------------------+-------+-------++-------
  Melee: Flail             |   112 |   121 ||   233
         Tailslap          |    13 |    11 ||    24
 Armour: Scale mail        |    72 |    69 ||   141
  Dodge: Dodged            |    53 |    40 ||    93
  Block: Buckler           |    32 |    19 ||    51

Table legend: (Time is in decaauts)
 A = Elapsed time spent in this place.
 B = Non-inter-level travel time spent in this place.
 C = Inter-level travel time spent in this place.
 D = Time resting spent in this place.
 E = Time spent auto-exploring this place.
 F = Levels seen in this place.
 G = Mean time per level.
                   A        B        C        D        E       F      G
               +--------+--------+--------+--------+--------+-----+--------+
         Total |   2419 |   2318 |    101 |      0 |   1789 |   4 |  604.8 |
       Dungeon |   2419 |   2318 |    101 |      0 |   1789 |   4 |  604.8 |
               +--------+--------+--------+--------+--------+-----+--------+

Top non-repeatable levels by time:
     D:3: 829 daAuts
     D:2: 796 daAuts
     D:1: 747 daAuts
     D:4: 46 daAuts
